 Dungeon Crawl Stone Soup version 0.30-a0-335-ge5acde7520 (webtiles) character file.

Game seed: 12521204442804055622

287 greasedhog the Covered (level 6, -2/56 HPs)
             Began as a Minotaur Fighter on Oct 30, 2022.
             Slain by Sigmund
             ... wielding a +0 scythe
              (9 damage)
             ... on level 4 of the Dungeon.
             The game lasted 00:03:23 (2539 turns).

greasedhog the Covered (Minotaur Fighter)           Turns: 2539, Time: 00:03:23

Health: -2/56      AC:  8    Str: 21 (23) XL:     6   Next: 8%
Magic:  5/5        EV:  9    Int:  3 (5)  God:
Gold:   171        SH:  9    Dex:  8 (9)  Spells: 5/5 levels left

rFire   . . .      SeeInvis .    a - +0 war axe
rCold   . . .      Faith    .    c - +0 buckler
rNeg    . . .      Spirit   .    b - +0 scale mail
rPois   .          Reflect  +    (helmet restricted)
rElec   .          Harm     .    g - +0 cloak
rCorr   .          Rampage  .    (no gloves)
Will    .....                    (no boots)
Stlth   ..........               k - amulet of reflection
HPRegen 0.29/turn                (no ring)
MPRegen 0.09/turn                (no ring)

@: no status effects
A: horns 2, retaliatory headbutt
a: no special abilities


You were on level 4 of the Dungeon.
You visited 1 branch of the dungeon, and saw 4 of its levels.

You collected 171 gold pieces.

Inventory:

Hand Weapons
 a - a +0 war axe (weapon)
Missiles
 d - a throwing net (quivered)
Armour
 b - a +0 scale mail (worn)
 c - a +0 buckler (worn)
 g - a +0 cloak (worn)
Jewellery
 h - a ring of ice
 k - an amulet of reflection (around neck)
 l - an amulet of the acrobat
Scrolls
 i - a scroll of teleportation
 j - a scroll of butterflies
 n - a scroll of blinking


   Skills:
 - Level 5.1 Fighting
 * Level 4.6 Axes
 * Level 5.2 Armour
 + Level 0.4 Dodging
 * Level 4.7 Shields


You had 5 spell levels left.
You didn't know any spells.
Your spell library contained the following spells:

 Spells                   Type           Power      Damage    Failure   Level
 Chain Lightning          Conj/Air       0%         N/A       100%        9
 Fire Storm               Conj/Fire      0%         5d1       100%        9
 Shatter                  Erth           0%         3d5*      100%        9


Dungeon Overview and Level Annotations

Branches:
Dungeon (4/15)
 Temple: D:4-7

Altars:
Ru

Annotations:
D:4 Dowan, Sigmund


Innate Abilities, Weirdness & Mutations

You have a pair of horns on your head.
You reflexively headbutt those who attack you in melee.


Message History

Something hits you.
Ijyb zaps a wand.
The puff of flame hits you.
You hit Ijyb.
You kill Ijyb!
Something hits you but does no damage.
You have reached level 6!
Something hits you.
Things that are here:
a +0 dagger; a +0 leather armour; a wand of flame (21)
You closely miss something. You headbutt something! Something hits you.
You miss something. You closely miss something.
Something hits you but does no damage.
You barely miss something. Something hits you.
You barely miss something. Something hits you.
You barely miss something. Something hits you!
You miss something. Your headbutt misses something.
Something hits you but does no damage.
You closely miss something. Your headbutt misses something. Something hits you!
* * * LOW HITPOINT WARNING * * *
You barely miss something.
You hear some strange, mumbled words.
Something tries to affect you, but you resist.
You closely miss something. You block something's attack.
You barely miss something. Your headbutt misses something.
You hear some strange, mumbled words.
A magic dart appears from out of thin air!
The magic dart hits you but does no damage.
You barely miss something. Your headbutt misses something.
You hear some strange, mumbled words.
You are confused.
You're too confused to move!
Something hits you.
* * * LOW HITPOINT WARNING * * *
You bump into the rock wall.
Something hits you but does no damage.
You bump into the rock wall.
You bump into the rock wall.
Something hits you but does no damage.
You closely miss something. Your headbutt misses something.
You feel less confused. Something hits you.
* * * LOW HITPOINT WARNING * * *
You hit something. Something hits you!
You die...

#.......#
###.#########
#...........#
#.#.#######.#
...#.# #.# #####?#
#!# #..# #.# #.##
#{# ##.###### #@#
#.......###.# #
#.†####.....#
###.##..####..####
#....(....##..#
#......##.##..#
.......##.##..#
#.............#
#.....###.###.#


There were no monsters in sight!

Vanquished Creatures
  Duvessa (D:4)
  Ijyb (D:4)
  3 gnolls (D:4)
  3 adders
  An ufetubus (D:4)
  3 worms (D:2)
  3 dart slugs
  8 orcs (D:3)
  2 bats
  4 endoplasms
  3 giant cockroaches
  5 hobgoblins
  8 jackals
  4 quokkas
  8 ball pythons
  6 frilled lizards
  2 goblins
  5 kobolds
  7 rats
77 creatures vanquished.

Notes
Turn   | Place    | Note
-------+----------+-------------------------------------------
     0 | D:1      | greasedhog the Minotaur Fighter began the quest for the
                  | Orb.
     0 | D:1      | Reached XP level 1. HP: 19/19 MP: 0/0
   288 | D:1      | Reached XP level 2. HP: 17/27 MP: 1/1
   921 | D:1      | Found a faded altar of an unknown god.
  1108 | D:2      | Reached XP level 3. HP: 33/33 MP: 2/2
  1566 | D:2      | Upgraded the game from 0.30-a0-331-g8ab09dc110 to
                  | 0.30-a0-335-ge5acde7520
  1573 | D:3      | Reached XP level 4. HP: 39/41 MP: 3/3
  1867 | D:3      | Found a sacrificial altar of Ru.
  2256 | D:4      | Noticed Dowan
  2257 | D:4      | Noticed Duvessa
  2270 | D:4      | Killed Duvessa
  2271 | D:4      | Reached skill level 5 in Fighting
  2271 | D:4      | Reached skill level 5 in Armour
  2271 | D:4      | Reached XP level 5. HP: 41/48 MP: 4/4
  2513 | D:4      | Noticed Sigmund
  2513 | D:4      | Noticed Ijyb
  2520 | D:4      | Killed Ijyb
  2521 | D:4      | Reached XP level 6. HP: 36/56 MP: 5/5
  2539 | D:4      | Slain by Sigmund

Illustrated notes

Levels and vault maps discovered:
D:1:      dpeg_arrival_shelter, layout_loops_corners, basic_ecumenical_altar,
          minmay_close_crescents
D:2:      layout_rooms
D:3:      layout_basic, mainiacjoe_overflow_cross_hatched
D:4:      old_forge, layout_loops_ring, good_gods_temple_1, kennysheep_mini,
          serial_shops, nicolae_inconvenience_store, lexackson_kobold_supper,
          uniq_sigmund, uniq_ijyb, uniq_duvessa

Skill      XL: |  1  2  3  4 |
---------------+-------------+-----
Axes           | 3 4 |  4.6
Fighting       | 4 5 |  5.1
Armour         | 4 5 |  5.2
Shields        | 4 |  4.7
Dodging        | |  0.4

Action                   |  1- 3 |  4- 6 || total
-------------------------+-------+-------++-------
Melee: War axe           |    93 |    90 ||   183
       Headbutt          |    13 |     9 ||    22
  Use: Scroll            |     2 |     4 ||     6
       Potion            |       |     8 ||     8
 Stab: Held in net/web   |       |     1 ||     1
Armor: Scale mail        |    41 |    29 ||    70
Dodge: Dodged            |    50 |    30 ||    80
Block: Buckler           |    34 |    41 ||    75
       Reflection        |     1 |     1 ||     2

Table legend: (Time is in decaauts)
 A = Elapsed time spent in this place.
 B = Non-inter-level travel time spent in this place.
 C = Inter-level travel time spent in this place.
 D = Time resting spent in this place.
 E = Time spent auto-exploring this place.
 F = Levels seen in this place.
 G = Mean time per level.
                   A        B        C        D        E       F      G
               +--------+--------+--------+--------+--------+-----+--------+
         Total |   2604 |   2566 |     38 |    220 |   1838 |   4 |  651.0 |
       Dungeon |   2604 |   2566 |     38 |    220 |   1838 |   4 |  651.0 |
               +--------+--------+--------+--------+--------+-----+--------+

Top non-repeatable levels by time:
     D:1: 1004 daAuts
     D:3: 685 daAuts
     D:2: 599 daAuts
     D:4: 315 daAuts
